 Dungeon Crawl Stone Soup version 0.23.2-33-g5129a83184 (webtiles) character file.

Game seed: 8175330788913495877

36825 dragonscale333 the Slinger (level 14, 0/102 (103) HPs)
             Began as a Halfling Hunter on July 2, 2019.
             Was the Champion of Okawaru.
             Slain by an ice devil (23 damage)
             ... summoned by an orc high priest
             ... on level 2 of the Orcish Mines.
             The game lasted 01:02:51 (26670 turns).

dragonscale333 the Slinger (Halfling Hunter)       Turns: 26670, Time: 01:02:52

HP:   0/102 (103)   AC: 10    Str: 13    XL:     14   Next: 25%
MP:   20/20         EV: 34    Int:  9    God:    Okawaru [******]
Gold: 1137          SH:  0    Dex: 27    Spells: 13/13 levels left

rFire    + . .     SeeInvis .   a - +1 fustibalus (velocity)
rCold    . . .     Gourm    .   (shield restricted)
rNeg     . . .     Faith    .   A - +2 robe {MR+}
rPois    .         Spirit   .   O - +0 helmet "Jagyn" {Dex+3 Stlth+}
rElec    .         Reflect  .   (no cloak)
rCorr    .         Harm     .   q - +1 pair of gloves
MR       ++...                  t - +0 pair of boots
Stlth    ++++......             (no amulet)
HPRegen  0.27/turn              G - +5 ring of evasion
MPRegen  0.17/turn              K - +4 ring of dexterity

@: lethally poisoned (0 -> -1)
A: small, fire resistance 1, mutation resistance 1, wild magic 1
a: Heroism, Finesse, Renounce Religion


You were on level 2 of the Orcish Mines.
You worshipped Okawaru.
Okawaru was exalted by your worship.
You were not hungry.

You visited 4 branches of the dungeon, and saw 18 of its levels.

You collected 1499 gold pieces.
You spent 362 gold pieces at shops.

Inventory:

Hand Weapons
 a - a +1 fustibalus of velocity (weapon)
 b - a +1 dagger of electrocution
 k - a +1 short sword of speed
 l - a +3 hunting sling of freezing
 u - a +0 blowgun
 x - a +4 quick blade
 C - a +2 antimagic dagger
 M - a +2 hunting sling of flaming
 Z - the +5 fustibalus "Juzibyne" {freeze, Dex+4}
   (Okawaru gifted it to you on level 1 of the Orcish Mines)

   It causes projectiles fired from it to freeze those they strike, causing
   extra injury to most foes and up to half again as much damage against
   particularly susceptible opponents.
   They can also slow down cold-blooded creatures.
   It affects your dexterity (+4).
Missiles
 d - 194 sling bullets
 e - 272 stones (quivered)
 j - 3 needles of confusion
 v - 94 poisoned needles
 E - 3 tomahawks
Armour
 q - a +1 pair of gloves (worn)
 t - a +0 pair of boots (worn)
 y - a +3 chain mail of cold resistance
 A - a +2 robe of magic resistance (worn)
 D - the +0 ring mail "Zaagh" {rPois Regen+}
   (You took it off an orc on level 5 of the Dungeon)

   It protects you from poison.
   It increases your rate of regeneration.
 O - the +0 helmet "Jagyn" (worn) {Dex+3 Stlth+}
   (You found it on level 4 of the Lair of Beasts)

   It affects your dexterity (+3).
   It makes you more stealthy.
Jewellery
 z - a cursed ring of see invisible
 G - a +5 ring of evasion (left hand)
 I - an uncursed amulet of magic regeneration
 K - a +4 ring of dexterity (right hand)
Wands
 R - a wand of polymorph (6)
 S - a wand of disintegration (21)
 W - a wand of clouds (2)
Scrolls
 i - 8 scrolls of identify
 n - 6 scrolls of teleportation
 o - 2 scrolls of silence
 s - 4 scrolls of immolation
 w - a scroll of blinking
 B - 4 scrolls of remove curse
 F - 2 scrolls of amnesia
 P - a scroll of fog
 T - a scroll of vulnerability
 U - 4 scrolls of enchant weapon
 V - a scroll of acquirement
 X - a scroll of fear
Potions
 c - a potion of cancellation
 g - 2 potions of ambrosia
 h - 2 potions of berserk rage
 m - a potion of agility
 p - 4 potions of lignification
 r - a potion of mutation
 H - 2 potions of heal wounds
 J - 2 potions of magic
 L - 3 potions of curing
 N - a potion of brilliance
 Q - 2 potions of flight
Comestibles
 f - 25 rations
 Y - 3 chunks of flesh


   Skills:
 - Level 12.0 Fighting
 - Level 6.5 Short Blades
 - Level 14.0 Slings
 + Level 8.8 Armour
 - Level 12.0 Dodging
 - Level 4.3 Stealth
 - Level 8.0 Invocations
 - Level 5.0 Evocations


You had 13 spell levels left.
You didn't know any spells.
Your spell library contained the following spells:

 Spells                   Type           Power        Failure   Level  Hunger
 Animate Skeleton         Necr           N/A          47%         1    ##.....
 Flame Tongue             Conj/Fire      #....        47%         1    ##.....
 Freeze                   Ice            #...         47%         1    ##.....
 Infusion                 Chrm           #...         47%         1    ##.....
 Pain                     Necr           #...         47%         1    ##.....
 Shroud of Golubria       Chrm/Tloc      #.........   61%         2    ###....
 Song of Slaying          Chrm           #.......     61%         2    ###....
 Throw Flame              Conj/Fire      #.....       61%         2    ###....
 Throw Frost              Conj/Ice       #.....       61%         2    ###....
 Conjure Flame            Conj/Fire      #.......     83%         3    ####...
 Inner Flame              Hex/Fire       #.......     83%         3    ####...
 Ozocubu's Armour         Chrm/Ice       #.......     83%         3    ####...
 Regeneration             Chrm/Necr      #.........   83%         3    ####...
 Spectral Weapon          Hex/Chrm       #.......     83%         3    ####...
 Vampiric Draining        Necr           #.........   83%         3    ####...
 Animate Dead             Necr           N/A          99%         4    #####..
 Sticky Flame             Conj/Fire      #.......     99%         4    #####..
 Summon Ice Beast         Ice/Summ       #.......     99%         4    #####..
 Throw Icicle             Conj/Ice       #.......     99%         4    #####..
 Bolt of Magma            Conj/Fire/Erth #.........   100%        5    ######.
 Fireball                 Conj/Fire      #.........   100%        5    ######.
 Iskenderun's Battlesphe  Conj/Chrm      #.......     100%        5    ######.
 Venom Bolt               Conj/Pois      #.........   100%        5    ######.
 Iron Shot                Conj/Erth      #.........   100%        6    #######
 Orb of Destruction       Conj           #.........   100%        7    #######
 Spellforged Servitor     Conj/Summ      #.........   100%        7    #######


Dungeon Overview and Level Annotations

Branches:
Dungeon (9/15)             Temple (1/1) D:5            Lair (6/6) D:9
 Shoals (0/4) Lair:2        Snake (0/4) Lair:4          Orc (2/2) D:9
    Elf (0/3) Orc:2
  Slime: Lair:5-6

Altars:
Cheibriados
Dithmenos
Elyvilon
Fedhas
Gozag
Hepliaklqana
Kikubaaqudgha
Okawaru
Qazlal
Ru
Trog
Uskayaw
Vehumet
Zin
The Shining One

Shops:
D:4 [%??[   D:5 (   D:6 (*   Orc:2 ?

Annotations:
D:8 2 transporters, Folque's ghost, novice DEAE
Lair:1 1 runed translucent door, solus13's ghost, novice DECj


Innate Abilities, Weirdness & Mutations

You are small and have problems with some larger weapons.
You are somewhat resistant to further mutation.
Your flesh is heat resistant. (rF+)
Your spells are a little harder to cast, but a little more powerful.


Message History

You feel sick.
The orc high priest calls down the wrath of Beogh upon you.
Beogh smites you!
Things that are here:
a +0 giant club; a +0 robe; a +0 dagger You see here a +0 dagger.
The orc warrior shouts!
Items here: )) [[ a +0 ring mail; a +0 trident; a +0 ring mail; a +0 flail You feel sick.
The orc warrior hits you with a +0 battleaxe!
* * * LOW HITPOINT WARNING * * *
Things that are here:
a +0 robe; a +0 dagger The orc warrior completely misses you.
There is a stone staircase leading up, spattered with blood here.
The ice devil hits you!
* * * LOW HITPOINT WARNING * * *
The ice devil freezes you!!
You die...

### ##.# ##..###
###### #.....#
###....##
#.....####.##....#
####.......#.........
#......4)..#.........
#...[4[#...))[o......
#...@o##........#....
#..[)###......####...
##..).#........###...
###.[[#.........##...
#...................#
##........##.#.......
##.#.....####.....##
####.#.## #.#...#
#..### ###.####


You could see an orange demon, an ice devil and an orc warrior.

Vanquished Creatures
  5 hydras
  2 two-headed ogres
  An orc high priest (Orc:2)
  Urug (Lair:3)
  3 orc knights
  Pikel (D:6)
  A merfolk siren (Lair:2)
  7 orc sorcerers
  An elephant (Lair:5)
  4 black mambas
  13 spiny frogs
  A torpor snail (Lair:5)
  2 komodo dragons
  A rime drake (Lair:3)
  2 trolls
  A polar bear (Lair:4)
  A merfolk (Lair:2)
  3 blink frogs
  5 dream sheep
  9 hippogriffs
  25 yaks
  2 wyverns
  A hungry ghost (D:9)
  A warg (Orc:2)
  A steam dragon (D:8)
  2 insubstantial wisps (D:8)
  5 nagas
  7 water moccasins
  9 porcupines
  20 orc warriors
  A black bear (Lair:4)
  A phantom (D:5)
  5 sky beasts
  2 slaves (D:6)
  A necrophage (D:7)
  6 wolves
  11 ogres
  6 centaurs
  10 crocodiles
  4 big kobolds
  14 bullfrogs
  A wyvern zombie (D:9)
  2 scorpions
  A killer bee (Orc:1)
  8 wights
  2 howler monkeys (D:7)
  5 crimson imps
  3 jellies
  14 orc priests
  A bullfrog skeleton (D:6)
  7 hounds
  4 iguanas
  25 orc wizards
  8 worker ants
  Terence (D:3)
  A killer bee zombie (D:8)
  A hound skeleton (D:8)
  A worker ant zombie (D:7)
  9 adders
  A shadow imp (D:7)
  3 oozes
  An adder zombie (D:8)
  An adder skeleton (D:8)
  3 worms
  3 leopard geckos
  71 orcs
  A ball python (D:1)
  7 bats
  4 giant cockroaches
  6 goblins
  4 hobgoblins
  19 jackals
  4 quokkas
  5 frilled lizards
  14 kobolds
  A leopard gecko zombie (D:6)
  2 quokka skeletons
  A quokka zombie (D:5)
  7 rats
450 creatures vanquished.

Vanquished Creatures (others)
  A sky beast (D:8)
  A slave (D:6)
  A leopard gecko (D:6)
  An orc (D:6)
  A ball python zombie (D:6)
  3 fungi
  6 plants
14 creatures vanquished.

Grand Total: 464 creatures vanquished

Notes
Turn   | Place    | Note
-------+----------+-------------------------------------------
     0 | D:1      | dragonscale333 the Halfling Hunter began the quest for the
                  | Orb.
     0 | D:1      | Reached XP level 1. HP: 14/14 MP: 1/1
   131 | D:1      | Reached skill level 6 in Slings
   406 | D:1      | Reached XP level 2. HP: 19/19 MP: 2/2
   984 | D:1      | Reached XP level 3. HP: 24/24 MP: 3/3
  1001 | D:1      | Reached skill level 7 in Slings
  1878 | D:2      | Found a blossoming altar of Fedhas.
  1879 | D:2      | Reached XP level 4. HP: 29/29 MP: 4/4
  1900 | D:2      | Found a sacrificial altar of Ru.
  2241 | D:3      | Reached skill level 8 in Slings
  2282 | D:3      | Reached XP level 5. HP: 34/34 MP: 5/5
  2528 | D:3      | Reached skill level 9 in Slings
  3233 | D:3      | Noticed Terence
  3257 | D:3      | Killed Terence
  3257 | D:3      | Reached XP level 6. HP: 37/39 MP: 6/6
  4057 | D:4      | Reached skill level 5 in Dodging
  4210 | D:4      | Reached XP level 7. HP: 36/45 MP: 7/7
  4304 | D:4      | Found Doin's Armour Emporium.
  4378 | D:4      | Found Nado's Magic Scroll Emporium.
  4472 | D:4      | Bought a scroll of identify for 22 gold pieces
  4472 | D:4      | Bought a scroll of identify for 22 gold pieces
  4472 | D:4      | Bought a scroll of identify for 22 gold pieces
  4557 | D:4      | Found Buokhyte's Armour Shoppe.
  4560 | D:4      | Bought a +0 pair of boots for 63 gold pieces
  4594 | D:4      | Found Unekk's Magic Scroll Boutique.
  4612 | D:4      | Found Obenoroo's Food Shoppe.
  5003 | D:5      | Entered Level 5 of the Dungeon
  5317 | D:5      | Found a staircase to the Ecumenical Temple.
  5321 | D:5      | Identified the +0 ring mail "Zaagh" {rPois Regen+}
  5381 | Temple   | Entered the Ecumenical Temple
  5437 | Temple   | Became a worshipper of Warmaster Okawaru
  5603 | D:5      | Found a blossoming altar of Fedhas.
  5621 | D:5      | Reached skill level 10 in Slings
  5621 | D:5      | Reached XP level 8. HP: 51/54 MP: 8/8
  5759 | D:5      | Found Songeab's Weapon Emporium.
  5951 | D:5      | Reached skill level 11 in Slings
  6402 | D:6      | Noticed an angel
  6534 | D:6      | Noticed Pikel
  6547 | D:6      | Killed Pikel
  6547 | D:6      | Reached * piety under Okawaru
  6547 | D:6      | Reached ** piety under Okawaru
  6547 | D:6      | Reached skill level 13 in Slings
  6547 | D:6      | Reached XP level 9. HP: 46/58 MP: 9/9
  6993 | D:6      | Found a glowing golden altar of the Shining One.
  7005 | D:6      | Found Fene's Hallowed Reliquary.
  7251 | D:6      | Bought a potion of heal wounds for 65 gold pieces
  7444 | D:6      | Found Hentus's Antique Weapon Shop.
  7486 | D:6      | Reached skill level 1 in Armour
  8286 | D:7      | Reached skill level 5 in Armour
  8325 | D:7      | Reached skill level 1 in Evocations
  8598 | D:8      | Noticed a hippogriff
  8748 | D:7      | Reached *** piety under Okawaru
  9065 | D:8      | Killed a hippogriff
  9065 | D:8      | Reached XP level 10. HP: 21/62 MP: 13/13
  9320 | D:8      | Reached skill level 5 in Evocations
  9416 | D:8      | Reached skill level 1 in Short Blades
  9505 | D:8      | Found a transporter.
  9524 | D:8      | Reached **** piety under Okawaru
  9536 | D:8      | Noticed a two-headed ogre
  9558 | D:8      | Killed a two-headed ogre
  9642 | D:8      | Noticed Folque's ghost (novice DEAE)
  9708 | D:8      | Found a transporter.
  9977 | D:8      | Received a gift from Okawaru
 10047 | D:8      | Reached skill level 5 in Fighting
 10647 | D:8      | Reached ***** piety under Okawaru
 10647 | D:8      | Received a gift from Okawaru
 10647 | D:8      | Reached XP level 11. HP: 60/73 MP: 14/14
 10684 | D:8      | Noticed a three-headed hydra
 10744 | D:8      | Killed a three-headed hydra
 11293 | D:9      | Received a gift from Okawaru
 12559 | D:8      | Received a gift from Okawaru
 12811 | D:9      | Found a staircase to the Lair.
 13075 | D:9      | Found a staircase to the Orcish Mines.
 13259 | D:4      | Bought a scroll of fear for 45 gold pieces
 13259 | D:4      | Bought a scroll of fog for 26 gold pieces
 13259 | D:4      | Bought a scroll of enchant armour for 97 gold pieces
 13424 | Lair:1   | Entered Level 1 of the Lair of Beasts
 13611 | D:9      | Reached skill level 5 in Invocations
 13782 | Lair:1   | Received a gift from Okawaru
 13908 | Lair:1   | Noticed a seven-headed hydra
 13919 | Lair:1   | Killed a seven-headed hydra
 14217 | Lair:1   | Noticed a five-headed hydra
 14231 | Lair:1   | Killed a five-headed hydra
 14231 | Lair:1   | Reached XP level 12. HP: 40/81 MP: 15/15
 14725 | Lair:1   | Reached skill level 14 in Slings
 14731 | Lair:1   | Found a runed translucent door.
 14733 | Lair:1   | Noticed solus13's ghost (novice DECj)
 15495 | Lair:2   | Reached skill level 10 in Fighting
 15535 | Lair:2   | Received a gift from Okawaru
 16119 | Lair:2   | Found a staircase to the Shoals.
 16135 | Lair:2   | Reached ****** piety under Okawaru
 17092 | Lair:3   | Noticed Urug
 17093 | Lair:3   | Noticed a seven-headed hydra
 17130 | Lair:2   | Killed a seven-headed hydra
 17130 | Lair:2   | Received a gift from Okawaru
 17130 | Lair:2   | Reached skill level 10 in Dodging
 17649 | Lair:3   | Received a gift from Okawaru
 17817 | Lair:3   | Reached XP level 13. HP: 91/91 MP: 16/16
 18214 | Lair:3   | Killed Urug
 19260 | Lair:5   | Received a gift from Okawaru
 20455 | Lair:3   | Received a gift from Okawaru
 20621 | Lair:4   | Got a steaming helmet
 20622 | Lair:4   | Identified the cursed +0 helmet "Jagyn" {Dex+3 Stlth+} (You
                  | found it on level 4 of the Lair of Beasts)
 20847 | Lair:4   | Found a staircase to the Snake Pit.
 20987 | Lair:4   | Received a gift from Okawaru
 21360 | Lair:4   | Noticed an eight-headed hydra
 21365 | Lair:4   | Killed an eight-headed hydra
 21972 | Lair:6   | Entered Level 6 of the Lair of Beasts
 21996 | Lair:5   | Received a gift from Okawaru
 22838 | Orc:1    | Entered Level 1 of the Orcish Mines
 23201 | Orc:1    | Gained mutation: Your spells are a little harder to cast,
                  | but a little more powerful. [potion of mutation]
 23201 | Orc:1    | Gained mutation: Your flesh is heat resistant. (rF+)
                  | [potion of mutation]
 23224 | Orc:2    | Entered Level 2 of the Orcish Mines
 23535 | Orc:1    | Received a gift from Okawaru
 24988 | Orc:2    | Found a staircase to the Elven Halls.
 25204 | Orc:2    | Found Joaggael's Magic Scroll Shoppe.
 25410 | Orc:1    | Reached XP level 14. HP: 102/102 MP: 20/20
 26006 | Orc:1    | Received a gift from Okawaru
 26007 | Orc:1    | Got a bloodstained fustibalus {god gift}
 26008 | Orc:1    | Identified the +5 fustibalus "Juzibyne" {freeze, Dex+4}
                  | (Okawaru gifted it to you on level 1 of the Orcish Mines)
 26012 | Orc:1    | Identified a scroll of acquirement
 26156 | Orc:1    | Noticed a stone giant
 26670 | Orc:2    | Slain by an ice devil

Skill      XL: |  1  2  3  4  5  6  7  8  9 10 11 12 13 14 |
---------------+-------------------------------------------+-----
Slings         | 6 7 8 9 10 13 14 | 14.0
Dodging        | 3 5 8 11 12 | 12.0
Fighting       | 2 4 6 8 10 12 | 12.0
Invocations    | 4 5 8 |  8.0
Armour         | 5 7 8 |  8.8
Evocations     | 4 5 |  5.0
Short Blades   | 6 |  6.5
Stealth        | 4 |  4.3

Action                   |  1- 3 |  4- 6 |  7- 9 | 10-12 | 13-15 || total
-------------------------+-------+-------+-------+-------+-------++-------
Melee: Short sword       |    65 |       |       |       |       ||    65
       Dagger            |    34 |   107 |   227 |   414 |   386 ||  1168
       Hunting sling     |       |       |     2 |       |       ||     2
 Fire: Hunting sling     |       |   109 |   273 |   567 |       ||   949
       Fustibalus        |       |       |       |   149 |   514 ||   663
Throw: Stone             |       |       |       |     8 |       ||     8
Invok: Heroism           |       |       |       |       |     1 ||     1
Evoke: Wand              |       |       |     3 |     5 |     1 ||     9
  Use: Potion            |       |     1 |     2 |       |     5 ||     8
       Scroll            |       |       |    16 |    10 |    11 ||    37
 Stab: Sleeping          |     3 |     1 |     2 |     5 |     2 ||    13
  Eat: Chunk             |     2 |     6 |    14 |    17 |    13 ||    52
       Ration            |       |     1 |       |     3 |     4 ||     8
Armor: Leather armour    |    20 |    21 |    23 |       |       ||    64
       Skin              |       |     1 |       |       |       ||     1
       Robe              |       |       |    45 |    62 |    30 ||   137
Dodge: Dodged            |    59 |   104 |   277 |   511 |   673 ||  1624
